 Dungeon Crawl Stone Soup version 0.29-a0-962-gc8bbfd0a37 (webtiles) character file.

Game seed: 5455369445755551934

7928 avis the Frost Mage (level 10, -4/83 HPs)
             Began as a Demigod Ice Elementalist on July 30, 2022.
             Slain by a white ugly thing (11 damage)
             ... on level 9 of the Dungeon.
             The game lasted 01:44:28 (13058 turns).

avis the Frost Mage (Demigod Ice Elementalist)     Turns: 13058, Time: 01:44:29

Health: -4/83      AC: 14    Str:  9    XL:     10   Next: 73%
Magic:  16/21      EV: 17    Int: 23    God:
Gold:   460        SH:  0    Dex: 26    Spells: 12/19 levels left

rFire   . . .      SeeInvis .   a - +2 sling (vorpal)
rCold   . . .      Faith    .   (no shield)
rNeg    . . .      Spirit   .   y - +0 steam dragon scales
rPois   .          Reflect  .   (no helmet)
rElec   .          Harm     .   (no cloak)
rCorr   .          Rampage  .   (no gloves)
Will    +....                   G - +0 pair of boots
Stlth   ++++......              (no amulet)
HPRegen 0.23/turn               h - +6 ring of intelligence
MPRegen 0.17/turn               H - +4 ring of slaying

@: ice-armoured, freezing walls
A: high MP 1, forlorn, divine attributes
a: no special abilities


You were on level 9 of the Dungeon.
You visited 2 branches of the dungeon, and saw 10 of its levels.

You collected 460 gold pieces.

Inventory:

Hand Weapons
 a - a +2 vorpal sling (weapon)
 b - a +1 dagger of electrocution
 w - a +0 shortbow
 x - a +3 trident of freezing
 C - a +2 dagger
 J - a +2 mace
 K - a +2 flail of freezing
 M - a +4 halberd
 N - a +1 scimitar
 P - a +3 halberd
 T - a +0 vorpal dire flail
Missiles
 g - 5 boomerangs
 p - a throwing net
 D - 4 poisoned darts
Armour
 e - the +0 chain mail of Resonance {rF+}
   (You found it on level 8 of the Dungeon)

   rF:        It protects you from fire.
 t - the +1 leather armour "Ehyd" {rElec rC- Dex+4 Stlth+}
   (You found it on level 3 of the Dungeon)

   Dex:       It affects your dexterity (+4).
   rC:        It makes you vulnerable to cold.
   rElec:     It insulates you from electricity.
   Stlth:     It makes you more stealthy.
 y - +0 steam dragon scales (worn)
 G - a +0 pair of boots (worn)
 Q - a +0 robe
 U - the +1 leather armour "Haalios" {rF++ Will+ Slay-3}
   (You took it off an orc on level 9 of the Dungeon)

   Slay:      It affects your accuracy & damage with ranged weapons and melee
   (-3).
   rF:        It greatly protects you from fire.
   Will:      It increases your willpower.
Magical Staves
 V - a staff of air
Jewellery
 h - a +6 ring of intelligence (left hand)
 H - a +4 ring of slaying (right hand)
Wands
 u - a wand of quicksilver (27)
 F - a wand of iceblast (6)
 I - a wand of flame (20)
 S - a wand of paralysis (8)
Scrolls
 c - 2 scrolls of vulnerability {unknown}
 i - 2 scrolls of butterflies {unknown}
 j - 4 scrolls of identify
 m - 2 scrolls of noise {unknown}
 o - 3 scrolls of enchant weapon {unknown}
 q - 3 scrolls of amnesia {unknown}
 r - a scroll of poison {unknown}
 s - 5 scrolls of teleportation {unknown}
 z - 5 scrolls of immolation {unknown}
 A - a scroll of magic mapping {unknown}
 B - 4 scrolls of torment {unknown}
 E - a scroll of blinking {unknown}
Potions
 d - a potion of berserk rage
 f - a potion of invisibility
 k - a potion of flight
 l - 2 potions of resistance
 n - a potion of ambrosia
 v - a potion of curing
 L - a potion of haste {unknown}
 O - a potion of attraction
 R - a potion of magic
 W - a potion of mutation


   Skills:
 - Level 6.0 Fighting
 - Level 8.0 Ranged Weapons
 - Level 6.0 Dodging
 - Level 6.0 Stealth
 - Level 5.0 Spellcasting
 * Level 8.4 Ice Magic


You had 12 spell levels left.
You knew the following spells:

 Your Spells              Type           Power      Damage    Failure   Level
a - Freeze                Ice            100%       1d11      1%          1
o - Ozocubu's Armour      Ice            44%        N/A       1%          3
r - Frozen Ramparts       Ice            88%        1d10      1%          3

Your spell library contained the following spells:

 Spells                   Type           Power      Damage    Failure   Level
 Magic Dart               Conj           20%        1d4       10%         1
 Shock                    Conj/Air       20%        1d4       10%         1
 Call Imp                 Summ           5%         N/A       14%         2
 Hailstorm                Conj/Ice       25%        3d7       17%         4
 Ignite Poison            Fire/Tmut/Pois 5%         N/A       28%         3
 Mephitic Cloud           Conj/Pois/Air  5%         N/A       28%         3
 Swiftness                Air            5%         N/A       28%         3
 Freezing Cloud           Conj/Ice/Air   9%         6-21      63%         5
 Airstrike                Air            2%         0-2+      67%         4
 Fireball                 Conj/Fire      2%         3d4       95%         5
 Iskenderun's Battlesphe  Conj           5%         2d6       95%         5
 Conjure Ball Lightning   Conj/Air       2%         3x3d6     100%        6
 Orb of Destruction       Conj           2%         9d5       100%        7


Dungeon Overview and Level Annotations

Branches:
Dungeon (9/15)             Temple (1/1) D:5
   Lair: D:8-11         Orc: D:9-12

Annotations:
D:6 Blink in wizard's chamber, get sif muna reference book


Innate Abilities, Weirdness & Mutations

You have an increased reservoir of magic. (+10% MP)
You shall have no god before yourself.
Your divine heritage dramatically boosts your attributes as you level up.


Message History

Press: ? - help, Q - select action, (/) - cycle Shift-Dir - straight line, f/p - white ugly thing
Aim: a white ugly thing (moderately wounded, 74% to hit)
You shoot a sling bullet.
The sling bullet hits the white ugly thing.
The white ugly thing is moderately wounded.
The white ugly thing resists.
The wall freezes the white ugly thing.
The white ugly thing trunk-slaps you. The white ugly thing freezes you!
Fire: a) +2 sling (vorpal)
Press: ? - help, Q - select action, (/) - cycle Shift-Dir - straight line, f/p - white ugly thing
Aim: a white ugly thing (moderately wounded, 74% to hit)
You shoot a sling bullet.
The sling bullet hits the white ugly thing!
The white ugly thing is severely wounded.
The white ugly thing resists.
The wall freezes the white ugly thing.
The white ugly thing trunk-slaps you! The white ugly thing freezes you!!
Fire: a) +2 sling (vorpal)
Press: ? - help, Q - select action, (/) - cycle Shift-Dir - straight line, f/p - white ugly thing
Aim: a white ugly thing (severely wounded, 74% to hit)
You shoot a sling bullet.
The sling bullet barely misses the white ugly thing.
The white ugly thing resists.
The wall freezes the white ugly thing.
The white ugly thing trunk-slaps you. The white ugly thing freezes you!!
* * * LOW HITPOINT WARNING * * *
Okay, then.
Okay, then.
Fire: a) +2 sling (vorpal)
Press: ? - help, Q - select action, (/) - cycle Shift-Dir - straight line, f/p - white ugly thing
Aim: a white ugly thing (severely wounded, 74% to hit)
You shoot a sling bullet.
The sling bullet closely misses the white ugly thing.
The white ugly thing resists.
The wall freezes the white ugly thing.
The white ugly thing trunk-slaps you but does no damage.
Fire: a) +2 sling (vorpal)
Press: ? - help, Q - select action, (/) - cycle Shift-Dir - straight line, f/p - white ugly thing
Aim: a white ugly thing (severely wounded, 74% to hit)
You shoot a sling bullet.
The sling bullet closely misses the white ugly thing.
The white ugly thing resists.
The wall freezes the white ugly thing.
The white ugly thing trunk-slaps you!
You die...

#)#...................#
#.)).###..##.######.###
#.).......##.# #.#
##.........#.## #.#
##.#.........#####.#
#####.#.......#.......#
......#.........#.###.#
####..#......#.#.## ##.
#........##.#@#
#............u#
#...........##.
####.#..####### #.
........# ## .#####.##
.# #.# .#####.#
.......#


You could see a white ugly thing.

Vanquished Creatures
  3 two-headed ogres
  Grinder (D:4)
  2 hornets
  Eustachio (D:5)
  5 yaks (D:6)
  2 steam dragons
  3 ice beasts
  A water moccasin (D:6)
  3 orc warriors
  A sky beast (shapeshifter) (D:9)
  2 black bears
  A sky beast (D:7)
  4 centaurs
  4 ogres
  6 bullfrogs
  2 necrophages
  A gnoll sergeant (D:7)
  6 scorpions
  10 wights
  5 killer bees
  3 howler monkeys (D:9)
  4 orc priests
  4 hounds
  3 jellies
  A gnoll bouda (D:5)
  An iron imp (D:7)
  Jessica (D:2)
  Ijyb (D:3)
  5 iguanas
  7 orc wizards
  Natasha (thrice) (D:3)
  7 gnolls
  5 adders
  A shadow imp (D:8)
  A white imp (D:7)
  An ufetubus (D:4)
  8 dart slugs
  29 orcs
  11 ball pythons
  7 endoplasms
  4 giant cockroaches
  5 goblins
  2 hobgoblins
  4 jackals (D:1)
  2 quokkas
  3 bats
  2 frilled lizards
  10 kobolds
  8 rats
206 creatures vanquished.

Notes
Turn   | Place    | Note
-------+----------+-------------------------------------------
     0 | D:1      | avis the Demigod Ice Elementalist began the quest for the
                  | Orb.
     0 | D:1      | Reached XP level 1. HP: 14/14 MP: 5/5
   173 | D:1      | Reached skill level 1 in Fighting
   345 | D:1      | Reached XP level 2. HP: 23/23 MP: 5/7
  1033 | D:2      | Reached XP level 3. HP: 28/29 MP: 5/8
  1050 | D:2      | Learned a level 3 spell: Ozocubu's Armour
  1106 | D:2      | Noticed Jessica
  1112 | D:2      | Killed Jessica
  1337 | D:2      | Reached XP level 4. HP: 10/36 MP: 8/10
  2419 | D:3      | Identified the +1 leather armour "Ehyd" {rElec rC- Dex+4
                  | Stlth+}
  2431 | D:3      | Noticed Ijyb
  2443 | D:3      | Killed Ijyb
  2703 | D:3      | Learned a level 3 spell: Frozen Ramparts
  3371 | D:3      | Noticed Natasha
  3375 | D:3      | Killed Natasha
  3376 | D:3      | Reached XP level 5. HP: 41/41 MP: 5/13
  3714 | D:3      | Noticed Natasha
  3720 | D:3      | Killed Natasha
  4734 | D:4      | Noticed Grinder
  4776 | D:3      | Noticed Natasha
  4783 | D:3      | Killed Natasha
  4784 | D:3      | Reached skill level 5 in Ice Magic
  4784 | D:3      | Reached XP level 6. HP: 15/48 MP: 9/15
  5048 | D:4      | Paralysed by Grinder for 5 turns
  5056 | D:4      | Reached skill level 1 in Ranged Weapons
  5062 | D:4      | Paralysed by Grinder for 5 turns
  5084 | D:4      | Killed Grinder
  5085 | D:4      | Reached XP level 7. HP: 44/57 MP: 9/16
  5833 | D:5      | Entered Level 5 of the Dungeon
  6050 | D:5      | Reached skill level 5 in Spellcasting
  6758 | D:5      | Noticed Eustachio
  6773 | D:5      | Killed Eustachio
  6774 | D:5      | Reached XP level 8. HP: 35/66 MP: 12/19
  7021 | D:5      | Found a staircase to the Ecumenical Temple.
  7038 | Temple   | Entered the Ecumenical Temple
  7038 | Temple   | Found a transporter.
  7038 | Temple   | Found a transporter.
  7040 | Temple   | Found a transporter.
  7040 | Temple   | Found a transporter.
  7729 | D:6      | Identified the +1 ring mail "Paon" {Drain Regen+ Str+8
                  | Int-4}
  8275 | D:6      | Reached skill level 5 in Fighting
  8522 | D:6      | Reached skill level 5 in Ranged Weapons
  8522 | D:6      | Reached XP level 9. HP: 73/74 MP: 13/20
  9305 | D:7      | Reached skill level 5 in Dodging
 10758 | D:8      | Noticed a two-headed ogre
 10946 | D:8      | Reached XP level 10. HP: 77/83 MP: 16/21
 11043 | D:8      | Killed a two-headed ogre
 11250 | D:8      | Identified the +0 chain mail of Resonance {rF+}
 12379 | D:9      | Noticed a two-headed ogre
 12382 | D:9      | Identified the +1 leather armour "Haalios" {rF++ Will+
                  | Slay-3}
 12387 | D:9      | Killed a two-headed ogre
 12388 | D:9      | Reached skill level 5 in Stealth
 12507 | D:9      | Noticed a two-headed ogre
 12517 | D:9      | Killed a two-headed ogre
 13050 | D:9      | Noticed a white ugly thing
 13058 | D:9      | Slain by a white ugly thing

Illustrated notes

Levels and vault maps discovered:
D:1:      roderic_dead_forest, layout_rooms,
          hellmonk_ecumenical_altar_dog_temple
D:2:      layout_basic, uniq_jessica
D:3:      minmay_razor_zed, layout_loops_corners, good_gods_temple_1,
          uniq_natasha, uniq_ijyb
D:4:      layout_rooms, fedhas_ov_isle_minmay, hangedman_glass_teeth,
          uniq_grinder
D:5:      layout_basic, temple_pool_b, uniq_eustachio
D:6:      layout_cave_pods, nicolae_ashenzari_panopticon,
          nicolae_dithmenos_shadow_blocks, lemuel_round_altar, led_sif_book
D:7:      wad_crossroads, layout_loops_ring, slow_altar_1
D:8:      layout_cave_pools, mainiacjoe_overflow_boulevard, xom_confusion_cloud,
          nzn_wu_jian_council_hall, kennysheep_cluttered_room,
          minmay_misc_feat_cross
D:9:      layout_loops_ring, kennysheep_orc_monster_closet_entryway
Temple:   hellmonk_temple_divided_pantheon

Skill      XL: |  1  2  3  4  5  6  7  8  9 10 |
---------------+-------------------------------+-----
Fighting       | 1 2 3 4 5 6 |  6.0
Dodging        | 2 3 4 5 6 |  6.0
Stealth        | 2 6 |  6.0
Spellcasting   | 2 3 4 5 |  5.0
Ice Magic      | 4 5 6 7 8 |  8.4
Ranged Weapons | 2 5 7 8 |  8.0

Action                   |  1- 3 |  4- 6 |  7- 9 | 10-12 || total
-------------------------+-------+-------+-------+-------++-------
Melee: Dagger            |       |       |     1 |       ||     1
 Fire: Sling             |    61 |    99 |   236 |   116 ||   512
 Cast: Freeze            |    31 |    17 |     2 |       ||    50
       Ozocubu's Armour  |     2 |    12 |    45 |    16 ||    75
       Frozen Ramparts   |       |    15 |    51 |    20 ||    86
  Use: Potion            |       |     3 |       |     1 ||     4
       Scroll            |       |       |     8 |       ||     8
 Stab: Sleeping          |       |       |     1 |       ||     1
Armor: Robe              |    17 |     1 |       |       ||    18
       Leather armour    |       |    22 |    23 |       ||    45
       Steam dragon scal |       |       |     2 |    14 ||    16
Dodge: Dodged            |    49 |    37 |    60 |    46 ||   192

Table legend: (Time is in decaauts)
 A = Elapsed time spent in this place.
 B = Non-inter-level travel time spent in this place.
 C = Inter-level travel time spent in this place.
 D = Time resting spent in this place.
 E = Time spent auto-exploring this place.
 F = Levels seen in this place.
 G = Mean time per level.
                   A        B        C        D        E       F      G
               +--------+--------+--------+--------+--------+-----+--------+
         Total |  13185 |   9105 |   4080 |   4869 |   2446 |  10 | 1318.5 |
       Dungeon |  13138 |   9058 |   4080 |   4869 |   2446 |   9 | 1459.8 |
        Temple |     46 |     46 |      0 |      0 |      0 |   1 |   46.0 |
               +--------+--------+--------+--------+--------+-----+--------+

Top non-repeatable levels by time:
     D:3: 2631 daAuts
     D:5: 1872 daAuts
     D:6: 1569 daAuts
     D:8: 1526 daAuts
     D:7: 1508 daAuts
     D:2: 1384 daAuts
     D:1: 1056 daAuts
     D:4: 842 daAuts
     D:9: 747 daAuts
  Temple: 46 daAuts
